 Dungeon Sprint DCSS version 0.31-a0-981-geadf994542 (webtiles) character file.

Game seed: 9682113199369562066

33847 sircluck the Brawler (level 13, -21/228 HPs)
             Began as a Troll Berserker on Nov 1, 2023.
             Was a High Priest of Trog.
             Killed from afar by a balrug (26 damage)
             ... with a fireball
             ... summoned by Asmodeus
             ... in the Dungeon (Sprint VII: "The Pits").
             The game lasted 00:10:19 (2659 turns).

sircluck the Brawler (Troll Berserker)              Turns: 2659, Time: 00:10:19

Health: -21/228    AC:  9    Str: 34      XL:     13   Next: 39%
Magic:  12/12      EV: 10    Int:  1 (2)  God:    Trog [*****.]
Gold:   73         SH: 29    Dex: 13      Spells: 12/12 levels left

rFire   . .          .
                       - Unarmed
rCold   . . .        z - +18 shield of the Gong {Loud rN+ Will+ rCorr EV-5}
rNeg    + . .        o - +0 troll leather armour
rPois   .            (helmet restricted)
rElec   .            (no cloak)
rCorr   +            (gloves unavailable)
SInv    .            (boots unavailable)
Will    +....        q - amulet of faith Stlth
                     l - +3 ring of strength
HPRegen 2.18/turn    k - +3 ring of protection
MPRegen 0.13/turn

%: no teleportation, faith
@: berserking, very quick
A: large, unfitting armour, claws 3, regeneration 1, shaggy fur 1, tough skin 1,
hooves 1, agile 1, deterioration 1, MP-powered wands
a: Renounce Religion, Berserk, Trog's Hand, Brothers in Arms


You were in the Dungeon.
You worshipped Trog.
Trog was extremely pleased with you.
You visited 1 branch You collected 73 gold pieces.

Inventory:

Missiles
 n - 8 large rocks
Armour
 a - a +0 animal skin
 o - a +0 troll leather armour (worn)
 z - the +18 shield of the Gong (worn) {Loud rN+ Will+ rCorr EV-5}
   (You found it in the Dungeon)

   Loud:      It is deafeningly noisy when blocking attacks.
   EV-5:      It affects your evasion (-5).
   rN+:       It protects you from negative energy.
   Will+:     It increases your willpower.
   rCorr:     It protects you from acid and corrosion.
Jewellery
 g - a ring of flight
 k - a +3 ring of protection (right claw)
 l - a +3 ring of strength (left claw)
 p - a ring of positive energy
 q - an amulet of faith (around neck)
 t - a ring of see invisible
 y - a ring of resist corrosion
Wands
 A - a wand of digging (5)
Scrolls
 i - 2 scrolls of vulnerability
 j - a scroll of summoning
 r - 2 scrolls of fog
 s - 7 scrolls of enchant armour
 u - 2 scrolls of enchant weapon
 v - a scroll of identify
 w - a scroll of fear
Potions
 b - 9 potions of curing
 c - 13 potions of heal wounds
 d - 3 potions of haste
 e - 4 potions of magic
 f - 4 potions of berserk rage
 h - 2 potions of invisibility
 m - a potion of mutation
 x - a potion of might
 B - a potion of cancellation


   Skills:
 + Level 16.0 Fighting
 + Level 12.9 Armour
 + Level 15.9 Dodging
 * Level 9.5 Shields
 + Level 18.7 Unarmed Combat


You had 12 spell levels left.
You didn't know any spells.
Your spell library was empty.

Dungeon Overview and Level Annotations

Branches:
Dungeon (1/1)

Altars:
Ashenzari
Cheibriados
Dithmenos
Elyvilon
Fedhas
Gozag
Hepliaklqana
Kikubaaqudgha
Makhleb
Nemelex Xobeh
Okawaru
Qazlal
Ru
Sif Muna
Trog
Uskayaw
Vehumet
Wu Jian
Xom
Yredelemnul
Zin
The Shining One
Jiyva
Lugonu

Annotations:
D Asmodeus


Innate Abilities, Weirdness & Mutations

You are too large for most types of armour.
You have claws for hands.
Your natural rate of healing is unusually fast.
You are covered in fur. (AC +1)
You have tough skin. (AC +1)
You have large cloven feet.
You are agile. (Dex +4, Str/Int -1)
Your body sometimes deteriorates upon taking damage.
You expend magic power (3 MP) to strengthen your wands.


Message History

Asmodeus is heavily wounded.
You are engulfed in blazing flames.
* * * LOW HITPOINT WARNING * * *
Unknown command.
Unknown command.
Unknown command.
Unknown command.
You barely miss Asmodeus.
Asmodeus is heavily wounded.
You are engulfed in blazing flames.
* * * LOW HITPOINT WARNING * * *
You block the balrug's attack.
GONNNNG!
Asmodeus shouts, "Thy spine shall be my junket!"
You block Asmodeus's attack.
PTOANNNG!
Unknown command.
Unknown command.
Unknown command.
You scratch Asmodeus but do no damage. You kick Asmodeus.
Asmodeus is heavily wounded.
You block the balrug's attack.
BOUMMMMG!
Unknown command.
Unknown command.
Unknown command.
You barely miss Asmodeus. You kick Asmodeus!
Asmodeus is heavily wounded.
Asmodeus gestures.
Unknown command.
Unknown command.
Unknown command.
Unknown command.
You barely miss Asmodeus.
Asmodeus is heavily wounded.
You are engulfed in blazing flames.
* * * LOW HITPOINT WARNING * * *
The balrug gestures at you.
The fireball explodes!
The fireball engulfs you!!
You die...

#+#
#&#
#@#
#2#
#'#
#.#
#'#
#.#
#'#
#.#
#'#


You could see Asmodeus (clouds) and a balrug (summoned).

Vanquished Creatures
  An electric golem (D)
  A hellephant (D)
  A lich (D)
  Rupert (D)
  A death cob (D)
  Kirke (D)
  A ghost moth (D)
  An alligator (D)
  A merfolk avatar (D)
  A two-headed ogre (D)
  A boulder beetle (D)
  An orc high priest (D)
  Urug (D)
  A sixfirhy (D)
  2 deep trolls (D)
  A phantasmal warrior (D)
  3 sea snakes (D)
  A deep elf zephyrmancer (D)
  2 cyclopes (D)
  A manticore (D)
  An eye of devastation (D)
  A guardian mummy (D)
  A tyrant leech (D)
  A merfolk (D)
  A troll (D)
  5 blink frogs (D)
  A hellwing (D)
  4 hornets (D)
  A spriggan (D)
  A vampire (D)
  2 fire bats (D)
  A steam dragon (D)
  A neqoxec (D)
  Edmund (D)
  An acid dragon (D)
  2 hell hounds (D)
  A swamp drake (D)
  A black bear (D)
  An ogre (D)
  A kobold brigand (D)
  2 bullfrogs (D)
  A necrophage (D)
  2 scorpions (D)
  6 killer bees (D)
  A crimson imp (D)
  A gnoll bouda (D)
  An iron imp (D)
  An orc wizard (D)
  A hell rat (D)
  5 gnolls (D)
  An adder (D)
  2 river rats (D)
  An ufetubus (D)
  An adder simulacrum (D)
  4 orcs (D)
  An endoplasm (D)
  2 giant cockroaches (D)
  A jackal (D)
  A giant cockroach zombie (D)
  A kobold (D)
89 creatures vanquished.

Vanquished Creatures (collateral kills)
  A frost giant (D)
  A fire giant (D)
  2 eidola (D)
  A merfolk javelineer (D)
  A spriggan air mage (D)
  A boulder beetle (D)
  A spriggan (D)
  A swamp dragon (D)
  A deep elf zephyrmancer (D)
  An orc sorcerer (D)
  2 smoke demons (D)
  2 cane toads (D)
  A komodo dragon (D)
  A rime drake (D)
  A tormentor (D)
  A red devil (D)
  A hornet (D)
  4 merfolk (D)
  A polar bear (D)
  2 snapping turtles (D)
  Grum (D)
  4 hell hounds (D)
  3 orc warriors (D)
  2 wolves (D)
  A hound (D)
  3 orc priests (D)
  An iron imp (D)
  An orc wizard (D)
  An adder (D)
  3 orcs (D)
  A bat skeleton (D)
  A giant cockroach (D)
  4 jackals (D)
  A ball python (D)
54 creatures vanquished.

Grand Total: 143 creatures vanquished

Notes
Turn   | Place    | Note
-------+----------+-------------------------------------------
     0 | D        | sircluck the Troll Berserker began the quest for the Orb.
     0 | D        | Reached XP level 1. HP: 22/22 MP: 0/0
    16 | D        | Reached XP level 2. HP: 31/31 MP: 1/1
    19 | D        | Found a bloodstained altar of Trog.
    19 | D        | Found a shimmering blue altar of Sif Muna.
    19 | D        | Found a viscous altar of Jiyva.
    19 | D        | Found a hazy altar of Hepliaklqana.
    19 | D        | Found an opulent altar of Gozag.
    20 | D        | Found a glowing golden altar of the Shining One.
    20 | D        | Found a glowing silver altar of Zin.
    20 | D        | Found a basalt altar of Yredelemnul.
    20 | D        | Found a shimmering altar of Xom.
    20 | D        | Found an ornate altar of the Wu Jian Council.
    20 | D        | Found a sacrificial altar of Ru.
    20 | D        | Found a stormy altar of Qazlal.
    20 | D        | Found an iron altar of Okawaru.
    20 | D        | Found a sparkling altar of Nemelex Xobeh.
    20 | D        | Found a burning altar of Makhleb.
    20 | D        | Found a blossoming altar of Fedhas.
    20 | D        | Found a white marble altar of Elyvilon.
    20 | D        | Found a shadowy altar of Dithmenos.
    20 | D        | Found a snail-covered altar of Cheibriados.
    22 | D        | Found a radiant altar of Vehumet.
    22 | D        | Found a corrupted altar of Lugonu.
    23 | D        | Found a hide-covered altar of Uskayaw.
    23 | D        | Found an ancient bone altar of Kikubaaqudgha.
    23 | D        | Found a broken altar of Ashenzari.
    58 | D        | Noticed a scorpion
    71 | D        | Killed a scorpion
    72 | D        | Reached skill level 5 in Unarmed Combat
    72 | D        | Reached XP level 3. HP: 33/40 MP: 2/2
    86 | D        | Reached ** piety under Trog
    88 | D        | Reached XP level 4. HP: 49/49 MP: 3/3
   115 | D        | Reached *** piety under Trog
   116 | D        | Reached skill level 5 in Fighting
   116 | D        | Reached skill level 6 in Unarmed Combat
   118 | D        | Reached skill level 5 in Dodging
   121 | D        | Reached **** piety under Trog
   166 | D        | Noticed a fire bat
   166 | D        | Noticed Edmund
   193 | D        | Reached XP level 5. HP: 26/59 MP: 4/4
   202 | D        | Killed Edmund
   202 | D        | Reached ***** piety under Trog
   203 | D        | Reached skill level 7 in Unarmed Combat
   203 | D        | Reached XP level 6. HP: 34/68 MP: 5/5
   205 | D        | Reached skill level 8 in Unarmed Combat
   282 | D        | Killed a fire bat
   283 | D        | Reached skill level 9 in Unarmed Combat
   283 | D        | Reached XP level 7. HP: 56/79 MP: 6/6
   316 | D        | Noticed a guardian mummy
   320 | D        | Killed a guardian mummy
   321 | D        | Reached skill level 10 in Unarmed Combat
   342 | D        | Received a gift from Trog
   360 | D        | Noticed a deep troll
   363 | D        | Reached ****** piety under Trog
   364 | D        | Reached XP level 8. HP: 92/92 MP: 7/7
   364 | D        | Received a gift from Trog
   368 | D        | Killed a deep troll
   369 | D        | Reached skill level 11 in Unarmed Combat
   374 | D        | Reached skill level 10 in Fighting
   383 | D        | Reached skill level 10 in Dodging
   608 | D        | Noticed a hornet
   619 | D        | Killed a hornet
   620 | D        | Reached skill level 1 in Armour
   620 | D        | Reached skill level 12 in Unarmed Combat
   620 | D        | Reached XP level 9. HP: 101/101 MP: 8/8
   642 | D        | Noticed a two-headed ogre
   642 | D        | Noticed an alligator
   642 | D        | Noticed a cyclops
   653 | D        | Killed an alligator
   658 | D        | Killed a two-headed ogre
   659 | D        | Reached skill level 13 in Unarmed Combat
   660 | D        | Killed a cyclops
   661 | D        | Reached skill level 5 in Armour
   702 | D        | Noticed Urug
   716 | D        | Killed Urug
   717 | D        | Reached XP level 10. HP: 114/114 MP: 9/9
   718 | D        | Noticed a merfolk javelineer
   731 | D        | Received a gift from Trog
   733 | D        | Killed a merfolk javelineer
   734 | D        | Reached skill level 14 in Unarmed Combat
   796 | D        | Noticed an eye of devastation
   815 | D        | Killed an eye of devastation
   875 | D        | Noticed a cane toad
   875 | D        | Noticed a swamp dragon
   875 | D        | Noticed an orc high priest
   875 | D        | Noticed an orc sorcerer
   880 | D        | Killed a cane toad
   881 | D        | Killed an orc sorcerer
   886 | D        | Killed an orc high priest
   886 | D        | Received a gift from Trog
   890 | D        | Killed a swamp dragon
   891 | D        | Reached skill level 15 in Unarmed Combat
   891 | D        | Reached XP level 11. HP: 98/126 MP: 10/10
  1078 | D        | Noticed a sea snake
  1083 | D        | Killed a sea snake
  1150 | D        | Received a gift from Trog
  1195 | D        | Noticed a deep troll
  1202 | D        | Killed a deep troll
  1207 | D        | Received a gift from Trog
  1407 | D        | Noticed a sea snake
  1415 | D        | Killed a sea snake
  1416 | D        | Reached skill level 16 in Unarmed Combat
  1468 | D        | Noticed a sea snake
  1475 | D        | Killed a sea snake
  1495 | D        | Noticed a sixfirhy
  1499 | D        | Killed a sixfirhy
  1499 | D        | Received a gift from Trog
  1500 | D        | Reached skill level 10 in Armour
  1502 | D        | Noticed a deep elf zephyrmancer
  1507 | D        | Killed a deep elf zephyrmancer
  1510 | D        | Received a gift from Trog
  1551 | D        | Noticed Grum
  1551 | D        | Noticed a boulder beetle
  1560 | D        | Noticed an eidolon
  1560 | D        | Identified the +7 great sword "Sieplim" {heavy, SInv} (Trog
                  | gifted it to you in the Dungeon)
  1560 | D        | Received a gift from Trog
  1564 | D        | Killed Grum
  1565 | D        | Reached XP level 12. HP: 135/139 MP: 11/11
  1568 | D        | Received a gift from Trog
  1569 | D        | Killed an eidolon
  1621 | D        | Killed a boulder beetle
  1622 | D        | Reached skill level 17 in Unarmed Combat
  1796 | D        | Gained mutation: You are agile. (Dex +4, Str/Int -1)
                  | [potion of mutation]
  1796 | D        | Gained mutation: You expend magic power (3 MP) to
                  | strengthen your wands. [potion of mutation]
  1796 | D        | Gained mutation: You have large cloven feet. [potion of
                  | mutation]
  1897 | D        | Found the +18 shield of the Gong {Loud rN+ Will+ rCorr
                  | EV-5}
  1897 | D        | Noticed a merfolk avatar
  1898 | D        | Noticed a lich
  1900 | D        | Noticed a spriggan air mage
  1909 | D        | Killed a lich
  1909 | D        | Received a gift from Trog
  1912 | D        | Killed a merfolk avatar
  1913 | D        | Received a gift from Trog
  1916 | D        | Gained mutation: Your body sometimes deteriorates upon
                  | taking damage. [a neqoxec]
  1916 | D        | Killed a spriggan air mage
  2090 | D        | Noticed an eidolon
  2090 | D        | Noticed a death cob
  2090 | D        | Noticed Kirke
  2100 | D        | Killed a death cob
  2100 | D        | Received a gift from Trog
  2101 | D        | Reached skill level 15 in Fighting
  2104 | D        | Reached skill level 15 in Dodging
  2107 | D        | Received a gift from Trog
  2125 | D        | Killed Kirke
  2128 | D        | Killed an eidolon
  2129 | D        | Reached skill level 5 in Shields
  2135 | D        | Noticed Rupert
  2145 | D        | Killed Rupert
  2145 | D        | Received a gift from Trog
  2146 | D        | Reached skill level 18 in Unarmed Combat
  2152 | D        | Noticed a boulder beetle
  2152 | D        | Noticed a frost giant
  2160 | D        | Killed a frost giant
  2160 | D        | Received a gift from Trog
  2161 | D        | Reached XP level 13. HP: 56/150 MP: 12/12
  2180 | D        | Noticed a fire giant
  2184 | D        | Killed a fire giant
  2184 | D        | Received a gift from Trog
  2447 | D        | Noticed an electric golem
  2457 | D        | Killed an electric golem
  2510 | D        | Noticed a hellephant
  2522 | D        | Killed a hellephant
  2568 | D        | Killed a ghost moth
  2643 | D        | Found the +13 sceptre of Asmodeus
  2643 | D        | Noticed Asmodeus
  2653 | D        | Noticed a balrug
  2656 | D        | HP: 7/228 [Asmodeus] (11)]
  2659 | D        | Killed from afar by a balrug

Illustrated notes

Levels and vault maps discovered:
D:        pitsprint [storerooms_1, entrance_room_1, metal_vault_2, armoury_2,
          mini_pit_1, grid_room_1, main_hall_1, silver_pit, the_coven_1,
          the_vestibule_1, steel_vault_1, golden_pit, hallway_of_sentries,
          crystal_vault_2, iron_vault_3, final_vault]

Skill      XL: |  1  2  3  4  5  6  7  8  9 10 11 12 13 |
---------------+----------------------------------------+-----
Fighting       | 3 4 5 6 7 9 10 11 12 14 15 16 | 16.0
Dodging        | 3 4 5 6 7 8 10 11 12 14 15 | 15.9
Unarmed Combat | 5 6 7 9 10 12 13 15 16 18 | 18.7
Armour         | 1 5 8 10 12 | 12.9
Shields        | 7 9 |  9.5

Action                     |  1- 3 |  4- 6 |  7- 9 | 10-12 | 13-15 || total
---------------------------+-------+-------+-------+-------+-------++-------
  Melee: Unarmed           |    15 |    65 |    55 |   134 |    40 ||   309
         Punch             |       |     3 |     4 |    11 |       ||    18
         Kick              |       |       |       |    14 |    14 ||    28
 Invoke: Berserk           |       |     1 |     3 |     5 |     4 ||    13
         Brothers in Arms  |       |       |       |    10 |     1 ||    11
    Use: Potion            |       |       |       |     4 |       ||     4
         Scroll            |       |       |       |     2 |       ||     2
   Stab: Sleeping          |     2 |       |       |       |       ||     2
 Armour: Animal skin       |     8 |    44 |    22 |    54 |       ||   128
         Troll leather arm |       |       |       |    60 |    39 ||    99
  Dodge: Dodged            |     4 |    40 |    29 |    78 |     3 ||   154
  Block: Kite shield       |       |       |       |    33 |    32 ||    65

Table legend: (Time is in decaauts)
 A = Elapsed time spent in this place.
 B = Non-inter-level travel time spent in this place.
 C = Inter-level travel time spent in this place.
 D = Time resting spent in this place.
 E = Time spent auto-exploring this place.
 F = Levels seen in this place.
 G = Mean time per level.
                   A        B        C        D        E       F      G
               +--------+--------+--------+--------+--------+-----+--------+
         Total |   2750 |   2635 |    115 |   1248 |    186 |   1 | 2750.0 |
       Dungeon |   2750 |   2635 |    115 |   1248 |    186 |   1 | 2750.0 |
               +--------+--------+--------+--------+--------+-----+--------+

Top non-repeatable levels by time:
       D: 2750 daAuts
